TOP OF THE 1ST |
Clemson Tigers batting - Pitching for Missouri Tigers : RHP Ben Lord
|
Pitching: RHP Ben Lord
|
|
Batting: LHB Dan Dukes
|
0-0: Called Strike 0-1: Foul Ball, location: 2F 0-2: Ball 1-2: Strikes out swinging
|
Batting: RHB Blair Charnock
|
0-0: Fly out, F9 (Flyball, 9S)
|
Batting: SHB Ken Hall
|
0-0: Ball 1-0: Foul Ball, location: 2F 1-1: Foul Ball, location: 2F 1-2: SINGLE (Flyball, 78S)
|
Batting: RHB Garth O'Flahavan
|
0-0: Ball 1-0: Ground out 1-3 (Groundball, 15S)
|
Top of the 1st over - 0 runs, 1 hit, 0 errors, 1 left on base; Clemson 0 - Missouri 0 |
BOTTOM OF THE 1ST |
Missouri Tigers batting - Pitching for Clemson Tigers : RHP Jim Santiago
|
Pitching: RHP Jim Santiago
|
|
Batting: SHB Marcos Cruz
|
0-0: Ball 1-0: Ball 2-0: Ball 3-0: Base on Balls
|
Batting: LHB Julián Echevarría
|
0-0: Ball 1-0: Called Strike 1-1: Ball 2-1: Ball 3-1: Foul Ball, location: 2F 3-2: Strikes out swinging
|
Batting: SHB Brian Fish
|
0-0: Ball 1-0: Fly out, F5 (Popup, 5SF)
|
Batting: RHB Harvey Willis
|
0-0: Ball 1-0: Fly out, F4 (Line Drive, 4)
|
Bottom of the 1st over - 0 runs, 0 hits, 0 errors, 1 left on base; Clemson 0 - Missouri 0 |
TOP OF THE 2ND |
Clemson Tigers batting - Pitching for Missouri Tigers : RHP Ben Lord
|
Batting: SHB Michael Jones
|
0-0: Ball 1-0: Foul Ball, location: 2F 1-1: Ball 2-1: Called Strike 2-2: Ball 3-2: Base on Balls
|
Batting: RHB António Delgado
|
0-0: Ball 1-0: Swinging Strike 1-1: Ball 2-1: Ball 3-1: Foul Ball, location: 2F 3-2: Foul Ball, location: 2F 3-2: Fly out, F9 (Flyball, 9)
|
Batting: LHB Jack Heinsohn
|
0-0: Ball 1-0: Ball 2-0: Ball 3-0: Called Strike 3-1: Fly out, F8 (Flyball, 8RM)
|
Batting: RHB Ricardo Medellín
|
0-0: Ball 1-0: Foul Ball, location: 2F 1-1: Ball 2-1: Foul Ball, location: 2F 2-2: Ball 3-2: Base on Balls Michael Jones to second
|
Batting: RHB Brian Childers
|
0-0: Called Strike 0-1: Reached on error, E5 (Groundball, 56S) Michael Jones scores Ricardo Medellín to third
|
Batting: LHB Dan Dukes
|
0-0: Ball 1-0: Called Strike 1-1: Ball 2-1: Foul Ball, location: 2F 2-2: Ground out 6-3 (Groundball, 6M)
|
Top of the 2nd over - 1 run, 0 hits, 1 error, 2 left on base; Clemson 1 - Missouri 0 |
BOTTOM OF THE 2ND |
Missouri Tigers batting - Pitching for Clemson Tigers : RHP Jim Santiago
|
Batting: LHB Rodney Rosa
|
0-0: DOUBLE (Line Drive, 7D)
|
Batting: RHB Harry Edwards
|
0-0: Ball 1-0: Ball 2-0: Ground out 6-3 (Groundball, 6) Rodney Rosa to third
|
Batting: LHB Michael Robertson
|
0-0: Ball 1-0: Fly out, F8 (Flyball, 8RM) Runner from 3rd tags up, SCORES, no throw
|
Batting: LHB Alfredo Herrera
|
0-0: Called Strike 0-1: Ball 1-1: Ball 2-1: Ball 3-1: Base on Balls
|
Batting: SHB David Castaneda
|
0-0: Ball 1-0: Ball 2-0: Fly out, F7 (Flyball, 7D)
|
Bottom of the 2nd over - 1 run, 1 hit, 0 errors, 1 left on base; Clemson 1 - Missouri 1 |
TOP OF THE 3RD |
Clemson Tigers batting - Pitching for Missouri Tigers : RHP Ben Lord
|
Batting: RHB Blair Charnock
|
0-0: Ball 1-0: Called Strike 1-1: Ball 2-1: Foul Ball, location: 2F 2-2: Ball 3-2: Base on Balls
|
Batting: SHB Ken Hall
|
0-0: Fielders Choice at 2nd, 4-6 (Groundball, 4)
|
Batting: RHB Garth O'Flahavan
|
0-0: Ball 1-0: Swinging Strike 1-1: Foul Ball, location: 2F 1-2: Strikes out looking
|
Batting: SHB Michael Jones
|
0-0: Called Strike Ken Hall steals 2nd base 0-1: Foul Ball, location: 2F 0-2: Ball 1-2: Ball 2-2: Ball 3-2: Base on Balls
|
Batting: RHB António Delgado
|
0-0: Called Strike 0-1: Ball 1-1: Foul Ball, location: 2F 1-2: Foul Ball, location: 2F 1-2: Ball 2-2: Foul Ball, location: 2F 2-2: Ball 3-2: Foul Ball, location: 2F 3-2: Foul Ball, location: 2F 3-2: Foul Ball, location: 2F 3-2: Foul Ball, location: 2F 3-2: Fly out, F7 (Flyball, 7LD)
|
Top of the 3rd over - 0 runs, 0 hits, 0 errors, 2 left on base; Clemson 1 - Missouri 1 |
BOTTOM OF THE 3RD |
Missouri Tigers batting - Pitching for Clemson Tigers : RHP Jim Santiago
|
Batting: SHB Marcos Cruz
|
0-0: Called Strike 0-1: Ball 1-1: Ball 2-1: Swinging Strike 2-2: Strikes out swinging
|
Batting: LHB Julián Echevarría
|
0-0: Foul Ball, location: 2F 0-1: Ball 1-1: Foul Ball, location: 2F 1-2: Ball 2-2: Strikes out swinging
|
Batting: SHB Brian Fish
|
0-0: Ball 1-0: Called Strike 1-1: Ball 2-1: Ball 3-1: Foul Ball, location: 2F 3-2: Base on Balls
|
Batting: RHB Harvey Willis
|
0-0: Called Strike 0-1: SINGLE (Flyball, 9LS) Brian Fish to second Runner from 2nd tries for 3rd, SAFE, no throw
|
Batting: LHB Rodney Rosa
|
0-0: Called Strike 0-1: Foul Ball, location: 2F 0-2: Foul Ball, location: 2F 0-2: SINGLE (Line Drive, 56) Brian Fish scores Harvey Willis to second
|
Batting: RHB Harry Edwards
|
0-0: Swinging Strike 0-1: Ground out 1-3 (Groundball, 13S)
|
Bottom of the 3rd over - 1 run, 2 hits, 0 errors, 2 left on base; Clemson 1 - Missouri 2 |
TOP OF THE 4TH |
Clemson Tigers batting - Pitching for Missouri Tigers : RHP Ben Lord
|
Batting: LHB Jack Heinsohn
|
0-0: Ball 1-0: Ground out 6-3 (Groundball, 6)
|
Batting: RHB Ricardo Medellín
|
0-0: Called Strike 0-1: Fly out, F9 (Flyball, 89S)
|
Batting: RHB Brian Childers
|
0-0: Called Strike 0-1: SINGLE (Groundball, 34) (infield hit)
|
Batting: LHB Dan Dukes
|
0-0: Fielders Choice at 2nd, 6-4 (Groundball, 6)
|
Top of the 4th over - 0 runs, 1 hit, 0 errors, 1 left on base; Clemson 1 - Missouri 2 |
BOTTOM OF THE 4TH |
Missouri Tigers batting - Pitching for Clemson Tigers : RHP Jim Santiago
|
Batting: LHB Michael Robertson
|
0-0: Foul Ball, location: 2F 0-1: Ball 1-1: Fly out, F3 (Popup, 34)
|
Batting: LHB Alfredo Herrera
|
0-0: Called Strike 0-1: Ball 1-1: Called Strike 1-2: Ball 2-2: Strikes out looking
|
Batting: SHB David Castaneda
|
0-0: Ball 1-0: Foul Ball, location: 2F 1-1: Ball 2-1: Called Strike 2-2: Strikes out looking
|
Bottom of the 4th over - 0 runs, 0 hits, 0 errors, 0 left on base; Clemson 1 - Missouri 2 |
TOP OF THE 5TH |
Clemson Tigers batting - Pitching for Missouri Tigers : RHP Ben Lord
|
Batting: RHB Blair Charnock
|
0-0: Ball 1-0: Ball 2-0: Ball 3-0: Base on Balls
|
Pitching: RHP Thomas Long
|
|
Batting: SHB Ken Hall
|
0-0: Called Strike 0-1: Called Strike 0-2: Foul Ball, location: 2F 0-2: Ball 1-2: Ball 2-2: Fielders Choice at 2nd, 6-4 (Groundball, 6)
|
Batting: RHB Garth O'Flahavan
|
0-0: Ball 1-0: Ball 2-0: Foul Ball, location: 2F 2-1: Foul Ball, location: 2F 2-2: Foul Ball, location: 2F 2-2: Strikes out swinging
|
Batting: SHB Michael Jones
|
0-0: Foul Ball, location: 2F 0-1: Ball 1-1: Ball 2-1: Foul Ball, location: 2F 2-2: Strikes out swinging
|
Top of the 5th over - 0 runs, 0 hits, 0 errors, 1 left on base; Clemson 1 - Missouri 2 |
BOTTOM OF THE 5TH |
Missouri Tigers batting - Pitching for Clemson Tigers : RHP Jim Santiago
|
Batting: SHB Marcos Cruz
|
0-0: SOLO HOME RUN (Flyball, 89XD), Distance : 375 ft
|
Batting: LHB Julián Echevarría
|
0-0: Ball 1-0: Ball 2-0: Ball 3-0: Base on Balls
|
Batting: SHB Brian Fish
|
0-0: Foul Ball, location: 2F 0-1: Fly out, F7 (Flyball, 7LM)
|
Batting: RHB Harvey Willis
|
0-0: Called Strike 0-1: Ball 1-1: Ball 2-1: Ball 3-1: Base on Balls Julián Echevarría to second
|
Batting: LHB Rodney Rosa
|
0-0: Fly out, F6 (Popup, 6MD)
|
Pitching: RHP Luis Wilson
|
|
Batting: RHB Harry Edwards
|
0-0: Ball 1-0: Called Strike 1-1: Foul Ball, location: 2F 1-2: Strikes out swinging
|
Bottom of the 5th over - 1 run, 1 hit, 0 errors, 2 left on base; Clemson 1 - Missouri 3 |
TOP OF THE 6TH |
Clemson Tigers batting - Pitching for Missouri Tigers : RHP Thomas Long
|
Batting: RHB António Delgado
|
0-0: Ball 1-0: Ball 2-0: Called Strike 2-1: Foul Ball, location: 2F 2-2: SINGLE (Line Drive, 6MD)
|
Batting: LHB Jack Heinsohn
|
0-0: Called Strike 0-1: Called Strike 0-2: Ball 1-2: Strikes out swinging
|
Batting: RHB Ricardo Medellín
|
0-0: Ball 1-0: Swinging Strike 1-1: Swinging Strike 1-2: Ball 2-2: Ball 3-2: Foul Ball, location: 2F 3-2: Foul Ball, location: 2F 3-2: Strikes out swinging
|
Batting: RHB Brian Childers
|
0-0: Ball 1-0: Foul Ball, location: 2F 1-1: Ball 2-1: Ball Wild Pitch! António Delgado to second 3-1: Base on Balls
|
Batting: LHB Dan Dukes
|
0-0: Ball 1-0: Called Strike 1-1: Foul Ball, location: 2F 1-2: Ground out 4-3 (Groundball, 4)
|
Top of the 6th over - 0 runs, 1 hit, 0 errors, 2 left on base; Clemson 1 - Missouri 3 |
BOTTOM OF THE 6TH |
Missouri Tigers batting - Pitching for Clemson Tigers : RHP Luis Wilson
|
Batting: LHB Michael Robertson
|
0-0: Ground out U3 (Groundball, 3)
|
Batting: LHB Alfredo Herrera
|
0-0: Ball 1-0: Ball 2-0: Fly out, F8 (Flyball, 89D)
|
Batting: SHB David Castaneda
|
0-0: Called Strike 0-1: Called Strike 0-2: Ball 1-2: Strikes out looking
|
Bottom of the 6th over - 0 runs, 0 hits, 0 errors, 0 left on base; Clemson 1 - Missouri 3 |
TOP OF THE 7TH |
Clemson Tigers batting - Pitching for Missouri Tigers : RHP Thomas Long
|
Batting: RHB Blair Charnock
|
0-0: Called Strike 0-1: Ball 1-1: Swinging Strike 1-2: Ground out 6-3 (Groundball, 6)
|
Batting: SHB Ken Hall
|
0-0: Ball 1-0: Ball 2-0: Ball 3-0: Called Strike 3-1: Base on Balls
|
Batting: RHB Garth O'Flahavan
|
0-0: Called Strike 0-1: Ball 1-1: Ball 2-1: Foul Ball, location: 2F 2-2: Ball 3-2: Foul Ball, location: 2F 3-2: Base on Balls Ken Hall to second
|
Pitching: RHP Stephen Bishop
|
|
Batting: SHB Michael Jones
|
0-0: Ball 1-0: Ball 2-0: Ball 3-0: Called Strike 3-1: Grounds into double play, 5-4-3 (Groundball, 5)
|
Top of the 7th over - 0 runs, 0 hits, 0 errors, 1 left on base; Clemson 1 - Missouri 3 |
BOTTOM OF THE 7TH |
Missouri Tigers batting - Pitching for Clemson Tigers : RHP Luis Wilson
|
Batting: SHB Marcos Cruz
|
0-0: Ball 1-0: Ball 2-0: Called Strike 2-1: Swinging Strike 2-2: Strikes out looking
|
Pitching: LHP Alan Nelson
|
|
Batting: LHB Julián Echevarría
|
0-0: Called Strike 0-1: Ball 1-1: Ball 2-1: Swinging Strike 2-2: Ground out 4-3 (Groundball, 4)
|
Pitching: RHP Ray Holmes
|
|
Batting: SHB Brian Fish
|
0-0: Called Strike 0-1: Foul Ball, location: 2F 0-2: Ball 1-2: Fly out, F5 (Popup, 56S)
|
Bottom of the 7th over - 0 runs, 0 hits, 0 errors, 0 left on base; Clemson 1 - Missouri 3 |
TOP OF THE 8TH |
Clemson Tigers batting - Pitching for Missouri Tigers : RHP Stephen Bishop
|
Batting: RHB António Delgado
|
0-0: Called Strike 0-1: Ball 1-1: Foul Ball, location: 2F 1-2: Ball 2-2: Strikes out swinging
|
Batting: LHB Jack Heinsohn
|
0-0: SINGLE (Flyball, 78M)
|
Batting: RHB Ricardo Medellín
|
0-0: Called Strike 0-1: Called Strike 0-2: Foul Ball, location: 2F 0-2: Ball 1-2: Foul Ball, location: 2F 1-2: Strikes out swinging
|
Batting: RHB Brian Childers
|
0-0: Foul Ball, location: 2F 0-1: Foul Ball, location: 2F 0-2: Strikes out swinging
|
Top of the 8th over - 0 runs, 1 hit, 0 errors, 1 left on base; Clemson 1 - Missouri 3 |
BOTTOM OF THE 8TH |
Missouri Tigers batting - Pitching for Clemson Tigers : RHP Ray Holmes
|
Batting: RHB Harvey Willis
|
0-0: Swinging Strike 0-1: Ball 1-1: Foul Ball, location: 2F 1-2: Strikes out swinging
|
Batting: LHB Rodney Rosa
|
0-0: Ground out 4-3 (Groundball, 34)
|
Batting: RHB Harry Edwards
|
0-0: Ball 1-0: Ball 2-0: Ball 3-0: Base on Balls
|
Batting: LHB Michael Robertson
|
0-0: Ball 1-0: Ball 2-0: Ball 3-0: Base on Balls Harry Edwards to second
|
Batting: LHB Alfredo Herrera
|
0-0: Ball 1-0: Ball 2-0: Swinging Strike 2-1: Called Strike 2-2: 3-RUN HOME RUN (Flyball, 9LD), Distance : 340 ft
|
Pitching: LHP Alfonso Cortés
|
|
Batting: SHB David Castaneda
|
0-0: Ball 1-0: Foul Ball, location: 2F 1-1: Ball 2-1: Fly out, F1 (Line Drive, 15)
|
Bottom of the 8th over - 3 runs, 1 hit, 0 errors, 0 left on base; Clemson 1 - Missouri 6 |
TOP OF THE 9TH |
Clemson Tigers batting - Pitching for Missouri Tigers : RHP Stephen Bishop
|
Now at 1B: Vincent Turner
|
|
Batting: LHB Dan Dukes
|
0-0: Called Strike 0-1: Ball 1-1: Foul Ball, location: 2F 1-2: Strikes out swinging
|
Batting: RHB Blair Charnock
|
0-0: Foul Ball, location: 2F 0-1: Foul Ball, location: 2F 0-2: Hit by Pitch
|
Batting: SHB Ken Hall
|
0-0: Swinging Strike 0-1: Grounds into double play, 5-4-3 (Groundball, 5)
|
Top of the 9th over - 0 runs, 0 hits, 0 errors, 0 left on base; Clemson 1 - Missouri 6 |
|